 Dungeon Crawl Stone Soup version 0.31-a0-844-gdc52ec4e09 (webtiles) character file.

Game seed: 15340720009748021106

203 Bravepunisher the Ducker (level 5, 0/29 HPs)
             Began as a Spriggan Monk on Sept 29, 2023.
             Was a Believer of Okawaru.
             Slain by a gnoll
             ... wielding a +0 flail
              (13 damage)
             ... on level 2 of the Dungeon.
             The game lasted 00:09:55 (1687 turns).

Bravepunisher the Ducker (Spriggan Monk)            Turns: 1687, Time: 00:09:56

Health: 0/29       AC:  2    Str:  7    XL:     5   Next: 51%
Magic:  6/6        EV: 21    Int: 15    God:    Okawaru [**....]
Gold:   157        SH:  0    Dex: 23    Spells: 4/4 levels left

rFire   . . .        e - +8 quarterstaff of Narrow Optimality {flame, +Blink Int+4 Dex+3}
rCold   . . .        (shield currently unavailable)
rNeg    . . .        b - +0 robe
rPois   .            (helmet restricted)
rElec   .            (no cloak)
rCorr   .            (gloves unavailable)
SInv    +            (boots unavailable)
Will    .....        (no amulet)
Stlth   ++           (no ring)
HPRegen 0.24/turn    (no ring)
MPRegen 0.10/turn

%: no passive effects
@: very quick
A: very small, no large weapons, unfitting armour, see invisible, speed 3
a: Renounce Religion, Evoke Blink, Heroism


You were on level 2 of the Dungeon.
You worshipped Okawaru.
Okawaru was pleased with you.
You visited 2 branches of the dungeon, and saw 6 of its levels.

You collected 157 gold pieces.

Inventory:

Hand Weapons
 a - a +0 short sword
 e - the +8 quarterstaff of Narrow Optimality (weapon) {flame, +Blink Int+4 Dex+3}
   (You found it on level 5 of the Dungeon)

   Int+4:     It affects your intelligence (+4).
   Dex+3:     It affects your dexterity (+3).
   +Blink:    It lets you blink.
Armour
 b - a +0 robe (worn)
Jewellery
 d - an amulet of the acrobat
Scrolls
 f - a scroll of identify {unknown}
 h - a scroll of acquirement {unknown}
 i - a scroll of teleportation {unknown}
 l - a scroll of fog {unknown}
Potions
 c - a potion of ambrosia
 g - 2 potions of heal wounds {unknown}
 j - a potion of curing
 k - 2 potions of berserk rage {unknown}
 m - 2 potions of cancellation {unknown}


   Skills:
 + Level 4.2 Fighting
 - Level 3.2 Short Blades
 + Level 0.8 Staves
 * Level 5.6 Dodging
 + Level 1.0 Invocations


You had 4 spell levels left.
You didn't know any spells.
Your spell library was empty.

Dungeon Overview and Level Annotations

Branches:
Dungeon (5/15)             Temple (1/1) D:5

Altars:
Cheibriados
Dithmenos
Elyvilon
Fedhas
Kikubaaqudgha
Makhleb
Okawaru
Ru
Sif Muna
Trog
Uskayaw
Vehumet
Wu Jian
Yredelemnul
The Shining One

Shops:
D:1 =   D:5 :

Annotations:
D:5 1 exclusion


Innate Abilities, Weirdness & Mutations

You are very small and have problems with some larger weapons.
You are too small for most types of armour.
You have supernaturally acute eyesight. (SInv)
You cover ground extremely quickly. (Speed+++)


Message History

You completely miss the gnoll. The gnoll barely misses you.
You sock the gnoll! You burn the gnoll.
The gnoll is severely wounded.
The frilled lizard misses you.
A gnoll comes into view. It is wielding a +0 spear.
The gnoll shouts!
You sock the gnoll! You burn the gnoll.
You kill the gnoll!
Okawaru accepts your kill.
You hear a shout!
The frilled lizard misses you. The frilled lizard closely misses you.
A gnoll comes into view. It is wielding a +0 flail.
Things that are here:
a +1 heavy halberd; a gnoll corpse You barely miss the gnoll.
The gnoll barely misses you. The gnoll closely misses you.
The frilled lizard closely misses you.
You completely miss the gnoll. The gnoll misses you.
The frilled lizard closely misses you.
You hit the gnoll. You burn the gnoll.
The gnoll is moderately wounded.
The gnoll misses you. The gnoll hits you with a +0 spear.
The frilled lizard bites you.
You sock the gnoll! You burn the gnoll.
You kill the gnoll!
Okawaru accepts your kill. The gnoll closely misses you.
The frilled lizard completely misses you.
Your Invocations skill increases to level 1!
You hit the gnoll. You burn the gnoll.
The gnoll is moderately wounded.
The gnoll completely misses you. The frilled lizard closely misses you.
The gnoll closely misses you.
You closely miss the gnoll.
The gnoll is moderately wounded.
The frilled lizard bites you. The gnoll hits you with a +0 flail!
The frilled lizard completely misses you.
You hit the gnoll. You burn the gnoll.
The gnoll is severely wounded.
The gnoll hits you with a +0 flail!
You die...

....#####.†...##.# ...
....# #........# ... ....#
#####..^.# .... ....#
#.....##+# ..... ....#
###.#...##.# #.g..# ....##
#..........# ###.l.# .....#
#..#.#.##†#.###....#
.....###.##....#l#...(....#
.........
##.#.#@g###.##...#
.......###
#.....)##..##.#..#
.....#...# ###..[....##.
...
.#...###.####.†##..###.. .
.#....##...##.).##.....#
..#...####).#†#†##.....####
..#.†..# ##†..#.##.....<..#
..#.#..# ##..##.##.###.##.#
.......###...##.#.)#
#.##.###


You could see a gnoll and a frilled lizard.

Vanquished Creatures
  A scorpion (D:5)
  4 gnolls
  4 adders
  A shadow imp (D:5)
  A worm (D:2)
  2 dart slugs (D:1)
  3 orcs (D:5)
  6 bats
  2 endoplasms (D:2)
  2 giant cockroaches
  5 goblins
  7 hobgoblins
  2 quokkas
  5 ball pythons
  4 frilled lizards
  2 kobolds
  5 rats
56 creatures vanquished.

Notes
Turn   | Place    | Note
-------+----------+-------------------------------------------
     0 | D:1      | Bravepunisher the Spriggan Monk began the quest for the
                  | Orb.
     0 | D:1      | Reached XP level 1. HP: 11/11 MP: 2/2
   147 | D:3      | Found a snail-covered altar of Cheibriados.
   160 | D:3      | Noticed an orc priest
   222 | D:5      | Entered Level 5 of the Dungeon
   291 | D:5      | Noticed a water moccasin
   389 | D:5      | Reached XP level 2. HP: 5/16 MP: 3/3
   447 | D:5      | Identified the +8 quarterstaff of Narrow Optimality {flame,
                  | +Blink Int+4 Dex+3}
   481 | D:5      | Found Kacocw's Vocational Training.
   576 | D:5      | Noticed a phantom
   694 | D:5      | Noticed a scorpion
   729 | D:5      | Reached XP level 3. HP: 13/20 MP: 4/4
   804 | D:5      | Found a staircase to the Ecumenical Temple.
   804 | D:5      | Noticed a scorpion
   810 | D:5      | Killed a scorpion
   811 | D:5      | Reached skill level 5 in Dodging
   811 | D:5      | Reached XP level 4. HP: 25/25 MP: 5/5
   819 | Temple   | Entered the Ecumenical Temple
   830 | Temple   | Became a worshipper of Warmaster Okawaru
   830 | Temple   | Reached * piety under Okawaru
   830 | Temple   | Reached ** piety under Okawaru
  1121 | D:1      | Reached XP level 5. HP: 29/29 MP: 6/6
  1267 | D:1      | Found Hizxid's Jewellery Shoppe.
  1685 | D:2      | Reached skill level 1 in Invocations
  1687 | D:2      | Slain by a gnoll

Illustrated notes

Levels and vault maps discovered:
D:1:      lightli_arrival_flooded_house, layout_rooms, serial_shops, shop,
          solitary_fountain
D:2:      layout_rooms, serial_shops, nicolae_shop_hallway_stairs
D:3:      layout_rooms, kennysheep_slug_shrine, lemuel_tele_altar
D:4:      layout_basic, grunt_temple_overflow_open, serial_demonic,
          serial_demonic_b, serial_demonic_e, serial_demonic_e,
          serial_demonic_d, serial_demonic_g, serial_demonic_d,
          serial_demonic_c, serial_demonic_g
D:5:      nicolae_cairo_tiling_very_big, layout_gridville, lemuel_doored_altar,
          nicolae_shop_vocational
Temple:   nicolae_temple_superstar

Skill      XL: |  1  2  3  4  5 |
---------------+----------------+-----
Fighting       | 3 4 |  4.2
Dodging        | 5 |  5.6
Invocations    | 1 |  1.0
Short Blades   | |  3.2
Staves         | |  0.8

Action                     |  1- 3 |  4- 6 || total
---------------------------+-------+-------++-------
  Melee: Short sword       |    40 |       ||    40
         Quarterstaff      |    12 |    77 ||    89
    Use: Potion            |     1 |       ||     1
   Stab: Sleeping          |     2 |     3 ||     5
         Distracted        |       |     1 ||     1
 Armour: Robe              |    49 |    21 ||    70
  Dodge: Dodged            |   162 |    79 ||   241

Table legend: (Time is in decaauts)
 A = Elapsed time spent in this place.
 B = Non-inter-level travel time spent in this place.
 C = Inter-level travel time spent in this place.
 D = Time resting spent in this place.
 E = Time spent auto-exploring this place.
 F = Levels seen in this place.
 G = Mean time per level.
                   A        B        C        D        E       F      G
               +--------+--------+--------+--------+--------+-----+--------+
         Total |   1222 |   1175 |     47 |    117 |    428 |   6 |  203.7 |
       Dungeon |   1208 |   1173 |     35 |    117 |    428 |   5 |  241.6 |
        Temple |     14 |      2 |     12 |      0 |      0 |   1 |   14.0 |
               +--------+--------+--------+--------+--------+-----+--------+

Top non-repeatable levels by time:
     D:5: 462 daAuts
     D:1: 365 daAuts
     D:2: 237 daAuts
     D:3: 93 daAuts
     D:4: 49 daAuts
  Temple: 14 daAuts
